 Seeded DCSS version 0.30-a0-830-gfe289a77b0 (webtiles) character file.

Game seed: 10962520627805071627 (custom seed)

16 demibob the Cudgeller (level 2, 29/29 HPs)
             Began as a Troll Berserker on Feb 28, 2023.
             Was a Follower of Trog.
             Quit the game on level 1 of the Dungeon.
             The game lasted 00:00:53 (609 turns).

demibob the Cudgeller (Troll Berserker)              Turns: 609, Time: 00:00:54

Health: 29/29      AC:  2    Str: 24    XL:     2   Next: 37%
Magic:  1/1        EV: 10    Int:  3    God:    Trog [*.....]
Gold:   968        SH:  0    Dex:  9    Spells: 1/1 levels left

rFire   + . .      SeeInvis .    a - +0 mace
rCold   + . .      Faith    +    (no shield)
rNeg    + . .      Spirit   .    b - +0 animal skin
rPois   +          Reflect  .    d - -2 hat of the Alchemist {rElec rPois rF+ rC+ rN+ Will+ rMut rCorr}
rElec   +          Harm     .    (no cloak)
rCorr   +          Rampage  .    (gloves unavailable)
rMut    +                        (boots unavailable)
Will    +....                    e - amulet of faith {!P}
Stlth   +                        (no ring)
HPRegen 1.04/turn                (no ring)
MPRegen 0.07/turn

@: no status effects
A: large, unfitting armour, claws 3, regeneration 1, shaggy fur 1, tough skin 1
a: Renounce Religion, Berserk


You were on level 1 of the Dungeon.
You worshipped Trog.
Trog was aware of your devotion.
You visited 1 branch of the dungeon, and saw 1 of its levels.

You collected 968 gold pieces.


Innate Abilities, Weirdness & Mutations

You are too large for most types of armour.
You have claws for hands.
Your natural rate of healing is unusually fast.
You are covered in fur. (AC +1)
You have tough skin. (AC +1)


   Skills:
 - Level 2.4 Fighting
 + Level 3.4 Maces & Flails
 - Level 2.4 Dodging


You had one spell level left.
You didn't know any spells.
Your spell library was empty.

Inventory:

Hand Weapons
 a - a +0 mace (weapon)
Armour
 b - a +0 animal skin (worn)
 d - the -2 hat of the Alchemist (worn) {rElec rPois rF+ rC+ rN+ Will+ rMut rCorr}
   (You acquired it on level 1 of the Dungeon)

   rF:        It protects you from fire.
   rC:        It protects you from cold.
   rElec:     It insulates you from electricity.
   rPois:     It protects you from poison.
   rN:        It protects you from negative energy.
   rCorr:     It protects you from acid and corrosion.
   rMut:      It protects you from mutation.
   Will:      It increases your willpower.
Jewellery
 e - an amulet of faith (around neck) {!P}
 h - the amulet "Tubbaul" {Spirit rF+ rC+ Str+2}
   (You acquired it on level 1 of the Dungeon)

   [amulet of guardian spirit]

   It causes incoming damage to be divided between your reserves of health and
   magic.
   Str:       It affects your strength (+2).
   rF:        It protects you from fire.
   rC:        It protects you from cold.
Scrolls
 c - a scroll of identify {unknown}
 f - 3 scrolls of enchant armour {unknown}
Potions
 g - a potion of berserk rage {unknown}

Dungeon Overview and Level Annotations

Branches:
Dungeon (1/15)

Altars:

###.......#..........#.#.#
############..####..#.#.########
#.#...................#........#
#...#######.....##############.#
####..........>...#....>..# #.#
..................#.#####.# #.#
#######.######....#.# #.# #.#
#######.######)...#.# #.#####.#
............##.#@##.# #.......#
............##.#.##.# #########
####+#####..##.#.##.#
+........#..##)#.##.#
#........#.....#.##.#
#........#..##.#.##.#
#...<....#..##.#.##.#
#........#..##.######
#........#..##.#.......P.#


There were no monsters in sight!


Message History

You completely miss the kobold. The kobold hits you but does no damage.
You sock the kobold!
You kill the kobold!
Trog accepts your kill.
No target in view!
No target in view!
No target in view!
No target in view!
No target in view!
No target in view!
Things that are here:
a +0 dagger; a kobold corpse Done exploring.
Done exploring.
Done exploring.
Done exploring.
This is a scroll of acquirement!
Something appears at your feet!
You now have 968 gold pieces (gained 940).
Something appears at your feet!
h - the amulet "Tubbaul" {Spirit rF+ rC+ Str+2} Something appears at your feet!
d - the -2 hat of the Alchemist {rElec rPois rF+ rC+ rN+ Will+ rMut rCorr} You finish putting on the -2 hat of the Alchemist {rElec rPois rF+ rC+ rN+ Will+ rMut rCorr}.
Okay, then.
Really put on
e - an amulet of faith {!P}?
You finish putting on your amulet of faith {!P}.
You feel a surge of divine interest.
e - an amulet of faith (around neck) {!P} Are you sure you want to abandon this character and quit the game? (Confirm with "yes".)

Skill      XL: |  1 |
---------------+----+-----
Maces & Flails | 3 |  3.4
Fighting       | |  2.4
Dodging        | |  2.4

Action                     || total
---------------------------++-------
  Melee: Mace              ||    28
    Use: Scroll            ||     3
 Armour: Animal skin       ||     6
  Dodge: Dodged            ||    15

Levels and vault maps discovered:
D:1:      lemuel_arrival_room, layout_basic, serial_aquarium,
          aquarium_bridge_square [aquarium_subvault_bridge,
          aquarium_subvault_window, aquarium_subvault_window,
          aquarium_subvault_bridge], aquarium_window_1, aquarium_window_3,
          aquarium_window_double, aquarium_view_2f, aquarium_view_2d,
          aquarium_balcony_3b

Notes
Turn   | Place    | Note
-------+----------+-------------------------------------------
     0 | D:1      | demibob the Troll Berserker began the quest for the Orb.
     0 | D:1      | Reached XP level 1. HP: 22/22 MP: 0/0
    60 | D:1      | Reached skill level 3 in Maces & Flails
   103 | D:1      | Reached XP level 2. HP: 29/29 MP: 1/1
   593 | D:1      | Identified 3 scrolls of acquirement
   593 | D:1      | Acquired 940 gold pieces
   595 | D:1      | Acquired the amulet "Tubbaul" {Spirit rF+ rC+ Str+2}
   597 | D:1      | Acquired the -2 hat of the Alchemist {rElec rPois rF+ rC+
                  | rN+ Will+ rMut rCorr}
   597 | D:1      | Found the -2 hat of the Alchemist {rElec rPois rF+ rC+ rN+
                  | Will+ rMut rCorr}
   609 | D:1      | Quit the game

Vanquished Creatures
  A dart slug (D:1)
  A bat (D:1)
  2 endoplasms (D:1)
  2 goblins (D:1)
  A hobgoblin (D:1)
  3 kobolds (D:1)
  A quokka (D:1)
  A ball python (D:1)
12 creatures vanquished.

Table legend: (Time is in decaauts)
 A = Elapsed time spent in this place.
 B = Non-inter-level travel time spent in this place.
 C = Inter-level travel time spent in this place.
 D = Time resting spent in this place.
 E = Time spent auto-exploring this place.
 F = Levels seen in this place.
 G = Mean time per level.
                   A        B        C        D        E       F      G
               +--------+--------+--------+--------+--------+-----+--------+
         Total |    616 |    616 |      0 |      0 |    509 |   1 |  616.0 |
       Dungeon |    616 |    616 |      0 |      0 |    509 |   1 |  616.0 |
               +--------+--------+--------+--------+--------+-----+--------+

Top non-repeatable levels by time:
     D:1: 616 daAuts

Table legend:
 A = Non-vault XP
 B = Vault XP
 C = Vault XP percentage of total XP
 D = Non-vault monster count
 E = Vault monster count
 F = Vault count percentage of total count
                 A         B        C        D         E       F
            +---------+---------+-------+---------+---------+-------
      Total |      23 |       0 |   0.0 |      12 |       0 |   0.0
            +---------+---------+-------+---------+---------+-------
        D:1 |      23 |       0 |   0.0 |      12 |       0 |   0.0
            +---------+---------+-------+---------+---------+-------
